 Dungeon Crawl Stone Soup version 0.18.1-5-g4a78601 (webtiles) character file.

15111 Northaan the Geomancer (level 12, -1/67 HPs)
             Began as a Gargoyle Earth Elementalist on May 11, 2016.
             Was a High Priest of Vehumet.
             Killed from afar by st0uf's ghost (8 damage)
             ... with a bolt of negative energy
             ... on level 11 of the Dungeon on May 12, 2016.
             The game lasted 00:55:06 (13983 turns).

Northaan the Geomancer (GrEE)                      Turns: 13983, Time: 00:55:07

Health: -1/67      AC: 18    Str: 13      XL:     12   Next: 23%
Magic:  2/34       EV: 12    Int: 19 (20) God:    Vehumet [*****.]
Gold:   326        SH:  0    Dex: 10      Spells: 7 memorised, 9 levels left

rFire  + . .     SeeInvis .     p - +0 mace (protect)
rCold  . . .     Gourm    .     a - +0 robe
rNeg   + . .     Faith    .     (no shield)
rPois  ∞         Spirit   .     (no helmet)
rElec  +         Dismiss  .     J - +0 cloak
rCorr  .         Reflect  .     (no gloves)
SustAt .         Harm     .     S - +0 pair of boots
MR     .....                    n - amulet of regeneration
Stlth  +.........               v - ring of protection from fire
                                u - ring of magical power

@: very slightly contaminated, heavily drained, not resistant to hostile
enchantments, very unstealthy
A: negative energy resistance 1, electricity resistance, unbreathing,
petrification resistance, rot immunity, AC +8
a: Renounce Religion


You were on level 11 of the Dungeon.
You worshipped Vehumet.
Vehumet was extremely pleased with you.
You were near starving.

You visited 2 branches of the dungeon, and saw 13 of its levels.
You also visited: Bailey.

You collected 736 gold pieces.
You spent 410 gold pieces at shops.

Inventory:

Hand Weapons
 p - a +0 mace of protection (weapon)
Missiles
 b - 422 stones (quivered)
Armour
 a - a +0 robe (worn)
 J - a +0 cloak (worn)
 R - a troll hide
 S - a +0 pair of boots (worn)
 U - a +1 leather armour of magic resistance
Jewellery
 n - an amulet of regeneration (around neck)
 u - a ring of magical power (left hand)
 v - a ring of protection from fire (right hand)
 A - an uncursed ring of positive energy
 B - a +4 ring of intelligence
 X - an uncursed ring of see invisible
Wands
 q - a wand of paralysis (20/24)
 N - a wand of polymorph (14/24)
 Y - a wand of confusion (12/48)
 Z - a wand of slowing (32/48)
Scrolls
 e - 8 scrolls of identify
 i - 2 scrolls of immolation {unknown}
 k - 3 scrolls of magic mapping {unknown}
 t - 9 scrolls of enchant weapon {unknown}
 w - 3 scrolls of enchant armour {unknown}
 x - a scroll of silence {unknown}
 C - 9 scrolls of remove curse {unknown}
Potions
 f - 2 potions of might {unknown}
 h - 2 potions of lignification {unknown}
 l - 2 potions of brilliance
 m - a potion of cure mutation {unknown}
 r - a potion of magic {unknown}
 z - a potion of invisibility {unknown}
 D - 3 potions of flight {unknown}
 F - a potion of ambrosia {unknown}
 G - 2 potions of degeneration {unknown}
 H - 4 potions of haste {unknown}
 M - 7 potions of curing {unknown}
 P - 6 potions of heal wounds {unknown}
 T - a potion of beneficial mutation {unknown}
 V - a potion of mutation {unknown}
Books
 c - a book of Geomancy

   Spells                             Type                      Level
   a - Sandblast                      Earth                        1
   b - Passwall                       Transmutation/Earth          2
   c - Stone Arrow                    Conjuration/Earth            3
   d - Petrify                        Transmutation/Earth          4
   e - Lee's Rapid Deconstruction     Earth                        5
 y - an Akashic Record

   Spells                             Type                      Level
   a - Dispersal                      Translocation                6
   b - Malign Gateway                 Summoning/Translocation      7
   c - Disjunction                    Translocation                8
   d - Controlled Blink               Translocation                8
 I - a book of Necromancy

   Spells                             Type                      Level
   a - Pain                           Necromancy                   1
   b - Animate Skeleton               Necromancy                   1
   c - Vampiric Draining              Necromancy                   3
   d - Regeneration                   Charms/Necromancy            3
   e - Animate Dead                   Necromancy                   4
   f - Control Undead                 Necromancy                   4
 L - a book of Flames

   Spells                             Type                      Level
   a - Flame Tongue                   Conjuration/Fire             1
   b - Throw Flame                    Conjuration/Fire             2
   c - Conjure Flame                  Conjuration/Fire             3
   d - Inner Flame                    Hexes/Fire                   3
   e - Sticky Flame                   Conjuration/Fire             4
   f - Fireball                       Conjuration/Fire             5
 Q - a book of Ice

   Spells                             Type                      Level
   a - Ice Form                       Ice/Transmutation            4
   b - Metabolic Englaciation         Hexes/Ice                    5
   c - Ozocubu's Refrigeration        Ice                          6
   d - Bolt of Cold                   Conjuration/Ice              6
   e - Freezing Cloud                 Conjuration/Ice/Air          6
   f - Simulacrum                     Ice/Necromancy               6
 W - a book of Misfortune

   Spells                             Type                      Level
   a - Confusing Touch                Hexes                        2
   b - Confuse                        Hexes                        3
   c - Gell's Gravitas                Hexes/Translocation          3
   d - Petrify                        Transmutation/Earth          4
   e - Metabolic Englaciation         Hexes/Ice                    5
   f - Yara's Violent Unravelling     Hexes/Transmutation          5
Comestibles
 d - 10 bread rations
 j - 4 meat rations
 o - 2 fruits
 K - 3 beef jerkies
 O - 3 royal jellies


   Skills:
 + Level 4.4(2.7) Fighting
 + Level 3.9(2.2) Maces & Flails
 + Level 4.2(2.5) Armour
 + Level 3.7(2.0) Dodging
 - Level 2.1(0.5) Stealth
 * Level 9.4(7.4) Spellcasting
 * Level 9.1(7.1) Conjurations
 - Level 0.7(0.0) Transmutations
 * Level 6.0(4.2) Fire Magic
 * Level 11.7(9.6) Earth Magic
 + Level 3.8(2.1) Evocations


You had 9 spell levels left.
You knew the following spells:

 Your Spells              Type           Power        Failure   Level  Hunger
a - Sandblast             Erth           #####.       1%          1    None
b - Stone Arrow           Conj/Erth      #####.       1%          3    #......
c - Passwall              Trmt/Erth      ####......   1%          2    None
d - Magic Dart            Conj           ####         1%          1    None
e - Conjure Flame         Conj/Fire      ####....     1%          3    #......
f - Bolt of Magma         Conj/Fire/Erth ####......   4%          5    #####..
g - Fireball              Conj/Fire      ####......   8%          5    #####..


Dungeon Overview and Level Annotations

Branches:
Dungeon (12/15)            Temple (1/1) D:4            Lair (0/8) D:10
    Orc: D:9-12

Altars:
Ashenzari
Cheibriados
Dithmenos
Fedhas
Kikubaaqudgha
Makhleb
Ru
Sif Muna
Vehumet
Xom
Yredelemnul
The Shining One

Shops:
D:4 }   D:5 [   D:11 *

Annotations:
D:5 1 runed door
D:6 Pikel
D:11 st0uf's ghost, journeyman DrBe


Innate Abilities, Weirdness & Mutations

You are resistant to torment.
Your stone body is resilient (AC +8).
You are immune to poison.
You resist negative energy.
You are resistant to electric shocks.
You can survive without breathing.
You are immune to petrification.
You are immune to rotting.


Message History

The blast of sand misses st0uf's ghost.
St0uf's ghost hits you but does no damage.
Casting: Sandblast
Confirm with . or Enter, or press ? or * to list all spells.
You don't have enough magic to cast that spell.
Unknown command.
You hit st0uf's ghost.
St0uf's ghost is severely damaged.
St0uf's ghost is engulfed in roaring flames.
St0uf's ghost laughs crazily.
St0uf's ghost breathes negative energy at you.
The bolt of negative energy hits you! You partially resist.
You feel drained.
* * * LOW HITPOINT WARNING * * *
St0uf's ghost is engulfed in roaring flames.
St0uf's ghost breathes negative energy at you.
The bolt of negative energy hits you! You partially resist.
You feel drained.
* * * LOW HITPOINT WARNING * * *
St0uf's ghost breathes negative energy at you.
The bolt of negative energy hits you! You partially resist.
You feel drained.
You die...

.........####.# .........# #.#
..[......####.##
...........##..##############
)..........###.##)>...#.....##
...........# #.#.))).........##
...........###................#
..............................#
.....##########.@.............#
...## #...............# ...
#...............# ...
#.W.............# ##.
##.............##
##.....#.....## ##.##########
#.# #.#


You could see st0uf's ghost.

Vanquished Creatures
  A hydra (D:12)
  Nergalle (D:10)
  An unseen horror (D:11)
  4 orc knights (Bailey)
  4 hill giants
  A gargoyle (D:10)
  A kobold demonologist (D:11)
  A troll (D:6)
  A two-headed ogre (D:8)
  Prince Ribbit (D:7)
  A wyvern (D:12)
  2 wraiths
  A basilisk (D:11)
  2 hippogriffs
  5 hungry ghosts
  2 black bears
  2 ice beasts
  4 slaves (D:7)
  5 phantoms
  10 orc warriors
  3 sky beasts
  5 ogres
  10 centaurs
  10 giant frogs
  2 big kobolds
  11 scorpions
  7 howler monkeys
  A spriggan skeleton (D:9)
  2 centaur zombies
  3 jellies
  4 crimson imps
  A giant frog zombie (D:5)
  6 centaur skeletons
  2 quasits
  12 orc priests
  A gnoll shaman (D:5)
  3 hounds
  12 orc wizards
  A giant frog skeleton (D:9)
  3 iguanas
  13 worker ants
  Ijyb (D:3)
  A worker ant zombie (D:9)
  11 gnolls
  3 howler monkey skeletons
  15 adders
  An ooze (D:2)
  An adder skeleton (D:8)
  2 adder zombies
  3 worms
  A dart slug (D:2)
  3 giant geckos
  78 orcs
  A ball python (D:4)
  15 bats
  13 giant cockroaches
  15 goblins
  5 hobgoblins
  5 jackals
  3 quokkas
  A giant gecko skeleton (D:4)
  3 giant newts
  2 jackal skeletons (D:4)
  17 kobolds
  3 rats
365 creatures vanquished.

Vanquished Creatures (others)
  An unseen horror (D:11)
  An orc wizard (D:7)
  A giant newt (D:4)
3 creatures vanquished.

Grand Total: 368 creatures vanquished

Notes
Turn   | Place    | Note
--------------------------------------------------------------
     0 | D:1      | Northaan the Gargoyle Earth Elementalist began the quest for the Orb.
     0 | D:1      | Reached XP level 1. HP: 10/10 MP: 3/3
   217 | D:1      | Reached skill level 4 in Earth Magic
   217 | D:1      | Reached XP level 2. HP: 15/15 MP: 3/5
   794 | D:2      | Reached XP level 3. HP: 18/19 MP: 3/6
   839 | D:2      | Reached skill level 5 in Earth Magic
   892 | D:2      | Reached XP level 4. HP: 24/24 MP: 5/8
  1149 | D:2      | Learned a level 3 spell: Stone Arrow
  1152 | D:2      | Learned a level 2 spell: Passwall
  1562 | D:3      | Noticed Ijyb
  1639 | D:3      | Killed Ijyb
  1639 | D:3      | Reached XP level 5. HP: 27/28 MP: 1/9
  1704 | D:3      | Reached skill level 6 in Earth Magic
  2085 | D:3      | Found a shimmering altar of Xom.
  2112 | D:3      | Found a basalt altar of Yredelemnul.
  2112 | D:3      | Found a radiant altar of Vehumet.
  2172 | D:3      | Found a deep blue altar of Sif Muna.
  2178 | D:3      | Became a worshipper of Vehumet
  2260 | D:4      | Found a staircase to the Ecumenical Temple.
  2260 | D:4      | Noticed an ogre
  2264 | Temple   | Entered the Ecumenical Temple
  2285 | D:4      | Killed an ogre
  2285 | D:4      | Reached skill level 7 in Earth Magic
  2285 | D:4      | Reached XP level 6. HP: 32/32 MP: 10/11
  2471 | D:4      | Found Joytroq's Gadget Shop.
  2735 | D:3      | Reached XP level 7. HP: 25/36 MP: 13/13
  2753 | D:3      | Reached skill level 8 in Earth Magic
  3222 | D:4      | Found a sacrificial altar of Ru.
  3460 | D:4      | Reached * piety under Vehumet
  3460 | D:4      | Offered knowledge of Magic Dart by Vehumet.
  3460 | D:4      | Reached skill level 9 in Earth Magic
  3466 | D:4      | Learned a level 1 spell: Magic Dart
  3478 | D:4      | Reached skill level 5 in Spellcasting
  3490 | D:4      | Reached XP level 8. HP: 39/41 MP: 3/15
  4139 | D:5      | Entered Level 5 of the Dungeon
  4149 | D:5      | Reached skill level 1 in Conjurations
  4235 | D:5      | Found Reqyuq's Antique Armour Shop.
  4238 | D:5      | Bought a pair of faintly humming gloves for 266 gold pieces
  4238 | D:5      | Identified the cursed -2 pair of gloves of Leler {Str+4} (You bought it in a shop on level 5 of the Dungeon)
  4446 | D:5      | Found a runed door.
  4463 | D:5      | Found a runed door.
  4562 | D:5      | Offered knowledge of Freeze by Vehumet.
  4632 | D:5      | Reached ** piety under Vehumet
  5073 | D:5      | Reached XP level 9. HP: 45/45 MP: 12/19
  5448 | D:6      | Reached skill level 5 in Conjurations
  5553 | D:6      | Noticed a troll
  5605 | D:6      | You fall through a shaft for 2 floors!
  5605 | D:8      | Found a burning altar of Makhleb.
  5614 | D:8      | Noticed a two-headed ogre
  5684 | D:7      | Found a glowing golden altar of the Shining One.
  5798 | D:6      | Offered knowledge of Conjure Flame by Vehumet.
  5803 | D:6      | Learned a level 3 spell: Conjure Flame
  5884 | D:6      | Killed a troll
  5884 | D:6      | Reached skill level 1 in Fire Magic
  6213 | D:6      | Reached *** piety under Vehumet
  6213 | D:6      | Reached skill level 1 in Armour
  6398 | D:6      | Found an ancient bone altar of Kikubaaqudgha.
  6562 | D:6      | Found a deep blue altar of Sif Muna.
  6783 | D:7      | Reached skill level 1 in Maces & Flails
  6783 | D:7      | Reached skill level 1 in Evocations
  6851 | D:7      | Noticed Pikel
  7775 | D:7      | Got a polished helmet
  7776 | D:7      | Identified the cursed -6 helmet of Pride {rC+ rN+ MR+ Str+4} (You found it on level 7 of the Dungeon)
  7872 | D:7      | Reached skill level 1 in Fighting
  7955 | D:7      | Reached XP level 10. HP: 42/52 MP: 18/22
  8265 | D:7      | Noticed Prince Ribbit
  8278 | D:7      | Offered knowledge of Dazzling Spray by Vehumet.
  8286 | D:7      | Killed Prince Ribbit
  8286 | D:7      | Reached skill level 10 in Earth Magic
  9475 | D:9      | Reached **** piety under Vehumet
  9499 | D:9      | Offered knowledge of Iskenderun's Mystic Blast by Vehumet.
  9553 | D:9      | Found a flagged portal.
  9570 | Bailey   | Entered a bailey
  9883 | Bailey   | Noticed an orc knight
 10031 | Bailey   | Noticed an orc knight
 10031 | Bailey   | Noticed an orc knight
 10061 | Bailey   | Killed an orc knight
 10066 | Bailey   | Killed an orc knight
 10219 | Bailey   | Noticed an orc knight
 10248 | Bailey   | Killed an orc knight
 10248 | Bailey   | Reached XP level 11. HP: 52/60 MP: 15/23
 10256 | Bailey   | Killed an orc knight
 10896 | D:9      | Reached ***** piety under Vehumet
 10923 | D:9      | Offered knowledge of Bolt of Magma by Vehumet.
 10930 | D:9      | Learned a level 5 spell: Bolt of Magma
 11453 | D:10     | Entered Level 10 of the Dungeon
 11481 | D:10     | Learned a level 5 spell: Fireball
 11586 | D:10     | Noticed a hill giant
 11596 | D:10     | Killed a hill giant
 11596 | D:10     | Reached skill level 11 in Earth Magic
 11770 | D:10     | Found a staircase to the Lair.
 11888 | D:10     | Noticed Nergalle
 11963 | D:10     | Killed Nergalle
 12125 | D:10     | Reached skill level 5 in Fire Magic
 12387 | D:11     | Found Cutua's Assorted Antiques.
 12390 | D:11     | Bought an emerald potion for 35 gold pieces
 12390 | D:11     | Bought a viscous golden potion for 35 gold pieces
 12390 | D:11     | Bought a scroll labeled NADAGE EBUQIV for 39 gold pieces
 12390 | D:11     | Bought a brown potion for 35 gold pieces
 12403 | D:11     | Noticed a hill giant
 12406 | D:10     | Noticed a hill giant
 12429 | D:10     | Killed a hill giant
 12619 | D:10     | Killed a hill giant
 12888 | D:11     | Noticed a hill giant
 13160 | D:11     | Killed an unseen horror
 13164 | D:11     | Killed a hill giant
 13164 | D:11     | Reached XP level 12. HP: 52/66 MP: 11/25
 13704 | D:12     | Noticed a seven-headed hydra
 13710 | D:12     | Killed a seven-headed hydra
 13710 | D:12     | Offered knowledge of Airstrike by Vehumet.
 13959 | D:11     | Noticed st0uf's ghost (journeyman DrBe)
 13983 | D:11     | Killed from afar by st0uf's ghost

Skill      XL: |  1  2  3  4  5  6  7  8  9 10 11 12 |
---------------+-------------------------------------+-----
Earth Magic    | 4 5 7 9 10 11 | 11.7
Spellcasting   | 3 4 5 6 8 9 |  9.4
Conjurations   | 4 6 7 8 9 |  9.1
Fire Magic     | 2 4 5 6 |  6.0
Armour         | 1 2 3 4 |  4.2
Maces & Flails | 1 2 3 |  3.9
Evocations     | 1 2 3 |  3.8
Fighting       | 1 3 4 |  4.4
Dodging        | 2 3 |  3.7
Stealth        | |  2.1
Transmutations | |  0.7

Action                   |  1- 3 |  4- 6 |  7- 9 | 10-12 || total
-------------------------+-------+-------+-------+-------++-------
Melee: Unarmed           |    22 |       |       |       ||    22
       Whip              |    34 |       |       |       ||    34
       Mace              |     1 |   162 |   189 |    65 ||   417
Throw: Stone             |       |       |       |     2 ||     2
 Cast: Sandblast         |    30 |    62 |   221 |   254 ||   567
       Stone Arrow       |       |     9 |    75 |   173 ||   257
       Magic Dart        |       |       |     9 |       ||     9
       Conjure Flame     |       |       |     1 |    12 ||    13
       Bolt of Magma     |       |       |       |    36 ||    36
       Fireball          |       |       |       |    11 ||    11
  Use: Scroll            |       |       |     8 |     9 ||    17
       Potion            |       |       |       |     2 ||     2
 Stab: Sleeping          |     3 |     1 |     1 |     1 ||     6
       Paralysed         |       |       |     1 |       ||     1
  Eat: Chunk             |       |     5 |    16 |    32 ||    53
       Meat ration       |       |     1 |       |     1 ||     2
       Bread ration      |       |       |       |     2 ||     2
       Royal jelly       |       |       |       |     2 ||     2
       Fruit             |       |       |       |     1 ||     1
Armor: Robe              |    41 |   121 |   201 |   273 ||   636
Dodge: Dodged            |    84 |   168 |   298 |   360 ||   910
